 Dungeon Sprint DCSS version 0.18-a0-1014-g3bbf375 (webtiles) character file.

28 pipel the Caller (level 3, 0/19 HPs)
             Began as a Deep Elf Summoner on Jan 6, 2016.
             Was an Initiate of Sif Muna.
             Slain by a wolf (10 damage)
             ... in the Dungeon (Sprint VII: "The Pits").
             The game lasted 00:02:33 (196 turns).

pipel the Caller (Deep Elf Summoner)                 Turns: 196, Time: 00:02:33

Health: 0/19       AC:  2    Str:  5    XL:     3   Next: 0%
Magic:  4/11       EV: 13    Int: 20    God:    Sif Muna [......]
Gold:   0          SH:  0    Dex: 15    Spells: 2 memorised, 8 levels left

rFire  . . .     SeeInvis .     a - +2 trident
rCold  . . .     Gourm    .     k - +0 robe
rNeg   . . .     Faith    .     (no shield)
rPois  .         Spirit   .     (no helmet)
rElec  .         Dismiss  .     (no cloak)
rCorr  .         Reflect  .     (no gloves)
SustAt .         Harm     .     (no boots)
MR     .....     NoTele   +     (no amulet)
Stlth  ++........               (no ring)
                                (no ring)

@: not resistant to hostile enchantments, unstealthy
A: no striking features
a: Renounce Religion


You were in the Dungeon.
You worshipped Sif Muna.
Sif Muna was noncommittal.
You were not hungry.

You visited 1 branch

Inventory:

Hand Weapons
 a - a +2 trident (weapon)
Missiles
 o - 10 stones (quivered)
Armour
 k - a +0 robe (worn)
Magical Staves
 b - an uncursed staff of energy
Scrolls
 i - a scroll of blinking
 q - 3 scrolls of remove curse
 r - 5 scrolls of amnesia
 s - a scroll of summoning
 t - 2 scrolls of vulnerability
Potions
 d - 6 potions of curing
 e - 6 potions of heal wounds
 f - a potion of haste
 g - 4 potions of magic
 h - 3 potions of berserk rage
 n - 2 potions of invisibility
Books
 p - a book of Callings

   Spells                             Type                      Level
   a - Summon Small Mammal            Summoning                    1
   b - Call Imp                       Summoning                    2
   c - Call Canine Familiar           Summoning                    3
   d - Summon Guardian Golem          Hexes/Summoning              3
   e - Summon Lightning Spire         Summoning/Air                4
   f - Summon Ice Beast               Ice/Summoning                4
Comestibles
 c - 8 bread rations
 j - a chunk of flesh
 l - 40 fruits
 m - 7 meat rations


   Skills:
 + Level 0.3 Polearms
 + Level 3.0 Dodging
 - Level 3.3 Stealth
 + Level 4.5 Spellcasting
 + Level 6.7 Summonings
 - Level 0.4 Evocations


You had 8 spell levels left.
You knew the following spells:

 Your Spells              Type           Power        Failure   Level  Hunger
a - Summon Small Mammal   Summ           ####         1%          1    None
b - Call Imp              Summ           ####....     1%          2    #......


Dungeon Overview and Level Annotations

Branches:
Dungeon (1/1)

Altars:
Ashenzari
Cheibriados
Dithmenos
Elyvilon
Fedhas
Kikubaaqudgha
Makhleb
Nemelex Xobeh
Okawaru
Pakellas
Ru
Sif Muna
Trog
Vehumet
Xom
Yredelemnul
Zin
The Shining One
Beogh
Jiyva
Lugonu

Annotations:
D Pikel


Message History

The puff of frost hits the wolf.
Pikel waves his whip at you. The wolf misses your white imp.
The wolf bites your white imp.
Your white imp dies!
Pikel says, "You'll fetch a fair price!"
The wolf bites your white imp.
There is an open door here.
The wolf barely misses your white imp.
Memorise Call Canine Familiar, consuming 3 spell levels and leaving 5?
The wolf bites your white imp!
Your white imp dies!
You start memorising the spell.
You continue memorising.
You continue memorising. x2
The wolf bites you!
Your memorisation is interrupted.
The wolf barely misses you.
You take 7 damage, and have 10/19 hp.
MASSIVE DAMAGE!!
The wolf bites you!
Ouch! That really hurt!
You die...

############
#__________#
#__________#
#_#####'############
#)))'.'..##.......
#).)#.#..##......#
#######'#####.......
#.h@........÷.......
#K#####'#####......#
#.#..(#)#[[##.......
#p#...#.#))#####'###
#.#†..†.#))##.......
#o##'####))##.......
#.#...5.#..##.......
#5#.....#'###...<...
#.#........##.......


You could see Pikel and a wolf.

Vanquished Creatures
  2 giant geckos (D)
  A hobgoblin (D)
  A kobold (D)
4 creatures vanquished.

Vanquished Creatures (collateral kills)
  An iron imp (D)
  A giant gecko (D)
  An orc (D)
  A ball python (D)
  A hobgoblin (D)
  A kobold (D)
6 creatures vanquished.

Grand Total: 10 creatures vanquished

Notes
Turn   | Place    | Note
--------------------------------------------------------------
     0 | D        | pipel the Deep Elf Summoner began the quest for the Orb.
     0 | D        | Reached XP level 1. HP: 10/10 MP: 6/6
    48 | D        | Found a sacrificial altar of Ru.
    48 | D        | Found a shadowy altar of Dithmenos.
    48 | D        | Found a bloodstained altar of Trog.
    48 | D        | Found a deep blue altar of Sif Muna.
    48 | D        | Found a shimmering altar of Xom.
    48 | D        | Found a sparkling altar of Nemelex Xobeh.
    48 | D        | Found a corrupted altar of Lugonu.
    48 | D        | Found a viscous altar of Jiyva.
    49 | D        | Found a basalt altar of Yredelemnul.
    49 | D        | Found a glowing golden altar of the Shining One.
    49 | D        | Found a shattered altar of Ashenzari.
    49 | D        | Found a white marble altar of Elyvilon.
    49 | D        | Found a snail-covered altar of Cheibriados.
    49 | D        | Found a blossoming altar of Fedhas.
    49 | D        | Found a radiant altar of Vehumet.
    49 | D        | Found a burning altar of Makhleb.
    49 | D        | Found an ancient bone altar of Kikubaaqudgha.
    49 | D        | Found a glowing silver altar of Zin.
    49 | D        | Found a roughly hewn altar of Beogh.
    49 | D        | Found an iron altar of Okawaru.
    50 | D        | Found an oddly glowing altar of Pakellas.
    52 | D        | Became a worshipper of Sif Muna the Loreminder
    82 | D        | Reached skill level 5 in Summonings
    96 | D        | Noticed an iron imp
   100 | D        | Reached XP level 2. HP: 10/15 MP: 8/8
   107 | D        | Learned a level 2 spell: Call Imp
   136 | D        | Reached skill level 6 in Summonings
   177 | D        | Noticed a slave
   177 | D        | Noticed a slave
   177 | D        | Noticed a slave
   178 | D        | Noticed Pikel
   181 | D        | Reached XP level 3. HP: 17/19 MP: 2/11
   183 | D        | Noticed a wolf
   196 | D        | Slain by a wolf

Vault maps used:
D:        pitsprint

Action                   || total
-------------------------++-------
Melee: Trident           ||    20
       Unarmed           ||     4
 Cast: Summon Small Mamm ||    13
       Call Imp          ||     7
Evoke: Staff of energy   ||     4
 Stab: Distracted        ||     2
